 Dungeon Crawl Stone Soup version 0.29.1-2-gbd0b4ee654 (webtiles) character file.

Game seed: 10651366717084209923

780 Sabo the Chopper (level 7, -3/44 HPs)
             Began as a Gargoyle Berserker on Nov 24, 2022.
             Was a Priest of Trog.
             Slain by a gnoll
             ... wielding a +0 club
              (4 damage)
             ... on level 4 of the Dungeon.
             The game lasted 00:18:43 (4457 turns).

Sabo the Chopper (Gargoyle Berserker)               Turns: 4457, Time: 00:18:44

Health: -3/44      AC: 14    Str: 23    XL:     7   Next: 85%
Magic:  7/7        EV: 10    Int:  7    God:    Trog [***...]
Gold:   111        SH:  0    Dex:  9    Spells: 6/6 levels left

rFire   + + .      SeeInvis .   a - +0 hand axe
rCold   x . .      Faith    .   (no shield)
rNeg    + + .      Spirit   .   n - +0 fire dragon scales
rPois   ∞          Reflect  .   (no helmet)
rElec   +          Harm     .   (no cloak)
rCorr   .          Rampage  .   (no gloves)
Will    .....                   (no boots)
Stlth   ..........              (no amulet)
HPRegen 0.14/turn               o - ring of positive energy
MPRegen 0.10/turn               (no ring)

@: on berserk cooldown, slowed, very slow
A: sickness immunity, AC +4, negative energy resistance 1, electricity
resistance, torment resistance 1, petrification resistance
a: Renounce Religion, Berserk, Trog's Hand


You were on level 4 of the Dungeon.
You worshipped Trog.
Trog was most pleased with you.
You visited 1 branch of the dungeon, and saw 4 of its levels.

You collected 111 gold pieces.

Inventory:

Hand Weapons
 a - a +0 hand axe (weapon)
 i - a +0 sling
Missiles
 k - 4 javelins (quivered)
Armour
 g - a +0 scale mail
 n - +0 fire dragon scales (worn)
Jewellery
 o - a ring of positive energy (left hand)
Wands
 h - a wand of iceblast (10)
 j - a wand of flame (5)
 m - a wand of mindburst (12)
Scrolls
 b - a scroll of fear
 c - a scroll of fog
 d - 3 scrolls of enchant weapon
 p - a scroll of teleportation {unknown}
Potions
 f - a potion of haste
 l - a potion of might
 q - a potion of mutation {unknown}


   Skills:
 + Level 5.1 Fighting
 + Level 6.1 Axes
 + Level 4.4 Armour
 + Level 2.7 Dodging
 + Level 0.7 Stealth


You had 6 spell levels left.
You didn't know any spells.
Your spell library was empty.

Dungeon Overview and Level Annotations

Branches:
Dungeon (4/15)
 Temple: D:4-7

Altars:


Innate Abilities, Weirdness & Mutations

You are immune to sickness and miasma.
Your stone body is resilient. (AC +4)
You are immune to poison.
You resist negative energy. (rN+)
You are resistant to electric shocks. (rElec)
You are resistant to unholy torment.
You are immune to petrification.


Message History

Unknown command.
You feel better. The gnoll hits you but does no damage.
The gnoll barely misses you.
You shred the net and break free! The gnoll closely misses you.
You hit the gnoll but do no damage.
The gnoll is moderately wounded.
The gnoll hits you but does no damage. x2; The gnoll barely misses you.
The gnoll hits you but does no damage.
You hit the gnoll.
The gnoll is severely wounded.
The gnoll hits you but does no damage. x3; The gnoll barely misses you.
You completely miss the gnoll.
The gnoll is severely wounded.
The gnoll barely misses you.
The gnoll hits you but does no damage. x4
You hit the gnoll.
The gnoll is severely wounded.
The gnoll closely misses you. The gnoll barely misses you.
The gnoll hits you but does no damage. x2
You closely miss the gnoll.
The gnoll is severely wounded.
The gnoll closely misses you. The gnoll hits you with a +0 club.
* * * LOW HITPOINT WARNING * * *
The gnoll closely misses you. x2; The gnoll hits you with a +0 club.
* * * LOW HITPOINT WARNING * * *
You closely miss the gnoll. You punch the gnoll, but do no damage.
The gnoll is severely wounded.
The gnoll closely misses you.
The gnoll hits you but does no damage. x3
You hit the gnoll but do no damage.
The gnoll is severely wounded.
The gnoll hits you but does no damage. x3
The gnoll hits you from afar with a +0 spear.
* * * LOW HITPOINT WARNING * * *
The gnoll hits you with a +0 club.
* * * LOW HITPOINT WARNING * * *
You hit the gnoll.
The gnoll is almost dead.
The gnoll hits you from afar with a +0 spear.
* * * LOW HITPOINT WARNING * * *
The gnoll barely misses you. The gnoll hits you with a +0 club.
You die...

#.)...........'....'.
#.#...........#....#.
#)###################
#))....# #......#
#.###'## #.#....#
#.#...g###'#
#+#)@.go....
#g###########
#.).†......h.
#≈†~~~≈~≈~~~~
≈≈≈≈≈≈≈≈≈≈≈≈~≈≈≈
~~~~~≈h~≈~~≈~~~~~
..................
.P................
##################


You could see 3 gnolls and an orc.

Vanquished Creatures
  The ghost of gdog the Covert, an amateur GnDe (D:3)
  2 black bears
  A howler monkey (D:4)
  A hound (D:3)
  2 orc priests
  Ijyb (D:2)
  A gnoll bouda (D:4)
  An orc wizard (D:4)
  9 gnolls (D:4)
  5 adders
  A worm (D:2)
  A dart slug (D:1)
  17 orcs
  7 ball pythons
  7 endoplasms
  5 giant cockroaches
  13 goblins
  2 hobgoblins (D:2)
  14 jackals
  A quokka (D:2)
  7 bats
  A frilled lizard (D:2)
  6 kobolds
  5 rats
111 creatures vanquished.

Vanquished Creatures (others)
  5 plants
5 creatures vanquished.

Grand Total: 116 creatures vanquished

Notes
Turn   | Place    | Note
-------+----------+-------------------------------------------
     0 | D:1      | Sabo the Gargoyle Berserker began the quest for the Orb.
     0 | D:1      | Reached XP level 1. HP: 14/14 MP: 1/1
   221 | D:1      | Reached XP level 2. HP: 14/19 MP: 2/2
   329 | D:1      | Reached skill level 3 in Axes
   331 | D:1      | Found a faded altar of an unknown god.
  1075 | D:2      | Noticed Ijyb
  1091 | D:2      | Reached XP level 3. HP: 17/23 MP: 3/3
  1110 | D:2      | Killed Ijyb
  1451 | D:2      | Reached XP level 4. HP: 27/29 MP: 4/4
  1628 | D:2      | Reached ** piety under Trog
  2488 | D:3      | Reached XP level 5. HP: 27/33 MP: 5/5
  2512 | D:3      | Reached skill level 4 in Axes
  3223 | D:3      | Found a runed translucent gate.
  3223 | D:3      | Found a runed translucent gate.
  3224 | D:3      | Found a runed translucent gate.
  3233 | D:3      | Noticed gdog's ghost (amateur GnDe)
  3242 | D:3      | Noticed a black bear
  3255 | D:3      | Killed a black bear
  3256 | D:3      | Reached XP level 6. HP: 28/39 MP: 6/6
  3650 | D:3      | Killed gdog's ghost
  3651 | D:3      | Reached skill level 5 in Axes
  3651 | D:3      | Reached XP level 7. HP: 42/44 MP: 7/7
  4247 | D:4      | Reached *** piety under Trog
  4409 | D:4      | Reached skill level 5 in Fighting
  4418 | D:4      | Reached skill level 6 in Axes
  4457 | D:4      | HP: 1/44 [gnoll/+0 spear (5)]
  4457 | D:4      | Slain by a gnoll

Illustrated notes

Levels and vault maps discovered:
D:1:      ncdulo_halloftheorcs, layout_rooms,
          dreamdust_ecumenical_altar_statues, serial_forest,
          infiniplex_forest_lined_room_3, infiniplex_forest_lined_2,
          infiniplex_forest_lined_3, infiniplex_forest_lined_corner,
          infiniplex_forest_zigzag_1, infiniplex_forest_clump_curved,
          infiniplex_forest_split, dk_noncrumbling_4
D:2:      kennysheep_the_goblin_king, layout_loops_ring, minmay_box_of_dots
D:3:      layout_basic, gammafunk_ghost_split
D:4:      lemuel_castle_with_subvaults [lemuel_castle_interior_carwin_1],
          layout_loops_corners, overflow_temple_1_default,
          small_statue_intersection, minivault_19, uniq_duvessa

Skill      XL: |  1  2  3  4  5  6  7 |
---------------+----------------------+-----
Axes           | 3 4 5 6 |  6.1
Dodging        | 2 |  2.7
Fighting       | 4 5 |  5.1
Armour         | 3 4 |  4.4
Stealth        | |  0.7

Action                   |  1- 3 |  4- 6 |  7- 9 || total
-------------------------+-------+-------+-------++-------
Melee: Hand axe          |    91 |   200 |   128 ||   419
       Punch             |       |       |     3 ||     3
Invok: Berserk           |     1 |     2 |     1 ||     4
  Use: Scroll            |     1 |     6 |       ||     7
       Potion            |       |       |     1 ||     1
Armor: Animal skin       |    13 |       |       ||    13
       Scale mail        |    26 |    66 |       ||    92
       Fire dragon scale |       |    33 |   104 ||   137
Dodge: Dodged            |    49 |   126 |    93 ||   268
